 Dungeon Crawl Stone Soup version 0.24.0 (webtiles) character file.

Game seed: 4637254288488036435, levelgen mode: deterministic

31 NeoElementia the Magician (level 3, -2/26 HPs)
             Began as a Draconian Wizard on Mar 5, 2020.
             Shot with an arrow by a centaur (9 damage)
             ... on level 2 of the Dungeon.
             The game lasted 00:10:17 (973 turns).

NeoElementia the Magician (Draconian Wizard)         Turns: 973, Time: 00:10:17

Health: -2/26      AC:  5    Str:  9    XL:     3   Next: 7%
Magic:  15/17      EV: 12    Int: 19    God:
Gold:   34         SH:  0    Dex:  9    Spells: 3/9 levels left

rFire    . . .     SeeInvis .   l - +0 short sword
rCold    . . .     Gourm    .   (no shield)
rNeg     . . .     Faith    .   (armour unavailable)
rPois    .         Spirit   .   a - +0 hat
rElec    .         Reflect  .   (no cloak)
rCorr    .         Harm     .   (no gloves)
MR       .....                  (no boots)
Stlth    ++........             j - amulet of inaccuracy (curse)
HPRegen  0.08/turn              h - ring of magical power
MPRegen  0.15/turn              (no ring)

@: no status effects
A: unfitting armour, cold-blooded, AC +5
a: no special abilities


You were on level 2 of the Dungeon.
You were not hungry.

You visited 1 branch of the dungeon, and saw 2 of its levels.

You collected 34 gold pieces.

Inventory:

Hand Weapons
 b - a +0 dagger
 d - a +0 spear
 l - a +0 short sword (weapon)
Missiles
 g - 49 arrows
Armour
 a - a +0 hat (worn)
 i - a cursed +0 leather armour
Jewellery
 h - a ring of magical power (left hand)
 j - a cursed amulet of inaccuracy (around neck)
Scrolls
 f - 2 scrolls of identify
Potions
 e - a potion of might
Comestibles
 c - 2 rations
 k - a chunk of flesh


   Skills:
 * Level 0.2 Short Blades
 - Level 1.8 Dodging
 - Level 1.8 Stealth
 - Level 0.1 Unarmed Combat
 * Level 3.9 Spellcasting
 * Level 1.2 Conjurations
   Level 1.0 Summonings
 + Level 1.0 Translocations


You had 3 spell levels left.
You knew the following spells:

 Your Spells              Type           Power        Failure   Level  Hunger
a - Magic Dart            Conj           #...         9%          1    None
b - Blink                 Tloc           N/A          14%         2    ##.....
c - Mephitic Cloud        Conj/Pois/Air  #.......     34%         3    ###....

Your spell library contained the following spells:

 Spells                   Type           Power        Failure   Level  Hunger
 Call Imp                 Summ           #.......     14%         2    ##.....
 Slow                     Hex            #.......     22%         2    ##.....
 Conjure Flame            Conj/Fire      #.......     32%         3    ###....


Dungeon Overview and Level Annotations

Branches:
Dungeon (2/15)

Altars:


Innate Abilities, Weirdness & Mutations

Your plain brown scales are hard. (AC +5)
You cannot fit into any form of body armour.
You are cold-blooded and may be slowed by cold attacks.


Message History

The bat is severely wounded.
The centaur wields a +0 shortbow.
The centaur shoots an arrow.
The arrow hits you!
Ouch! That really hurt!
The bat hits you.
You miss the bat.
The bat is severely wounded.
The bat hits you but does no damage.
Casting: Magic Dart (safe; 9% risk of failure)
Confirm with . or Enter, or press ? or * to list all spells.
Aiming: Magic Dart (safe; 9% risk of failure)
Press: ? - help, Shift-Dir - straight line, f - centaur, p - bat
Aim: a centaur, wielding a +0 shortbow The magic dart hits the bat.
You kill the bat!
The centaur shoots an arrow.
The arrow hits you.
* * * LOW HITPOINT WARNING * * *
The centaur shoots an arrow.
The arrow misses you.
The centaur shoots an arrow.
The arrow hits you!
You die...

#######
#.#....(#
#....@.<#
#.......#
#.......#
#......##
.....c...
......<....
.........##
....^....#


You could see a centaur.

Vanquished Creatures
  An ooze (D:1)
  2 leopard geckos (D:1)
  2 giant cockroaches (D:1)
  4 goblins (D:1)
  3 hobgoblins (D:1)
  3 kobolds (D:1)
  4 bats
  2 frilled lizards (D:1)
  4 rats (D:1)
25 creatures vanquished.

Notes
Turn   | Place    | Note
-------+----------+-------------------------------------------
     0 | D:1      | NeoElementia the Draconian Wizard began the quest for the
                  | Orb.
     0 | D:1      | Reached XP level 1. HP: 14/14 MP: 4/4
   214 | D:1      | Reached XP level 2. HP: 20/20 MP: 6/6
   560 | D:1      | Learned a level 2 spell: Blink
   650 | D:1      | Reached XP level 3. HP: 26/26 MP: 8/8
   658 | D:1      | Learned a level 3 spell: Mephitic Cloud
   968 | D:2      | Noticed a centaur
   973 | D:2      | Shot with an arrow by a centaur

Levels and vault maps discovered:
D:1:      saegor_arrival_simple_b, layout_loops_ring
D:2:      layout_basic, kennysheep_generic_room_9, uniq_sigmund
